 Dungeon Crawl Stone Soup version 0.26.1-2-gb8aa6d0cf2 (webtiles) character file.

Game seed: 12438128306089112009

230 Craboon the Skirmisher (level 6, -2/63 HPs)
             Began as an Ogre Arcane Marksman on Mar 11, 2021.
             Slain by a hobgoblin (4 damage)
             ... led by Robin
             ... on level 3 of the Dungeon.
             The game lasted 00:19:23 (4615 turns).

Craboon the Skirmisher (Ogre Arcane Marksman)       Turns: 4615, Time: 00:19:23

Health: -2/63      AC:  4    Str: 15    XL:     6   Next: 3%
Magic:  10/10      EV: 10    Int: 15    God:
Gold:   177        SH:  0    Dex: 10    Spells: 8/11 levels left

rFire    . . .     SeeInvis .   c - +0 club
rCold    . . .     Faith    .   (no shield)
rNeg     . . .     Spirit   .   a - +0 robe
rPois    .         Reflect  .   (helmet restricted)
rElec    .         Harm     .   z - +0 cloak
rCorr    .         Rampage  .   (gloves unavailable)
Will     +....                  (boots unavailable)
Stlth    +.........             (no amulet)
HPRegen  0.20/turn              k - ring of willpower
MPRegen  0.12/turn              (no ring)

@: no status effects
A: large, unfitting armour, tough skin 1
a: no special abilities


You were on level 3 of the Dungeon.
You visited 1 branch of the dungeon, and saw 4 of its levels.

You collected 177 gold pieces.

Inventory:

Hand Weapons
 c - a +0 club (weapon)
 n - a cursed -1 hunting sling
 B - a +1 whip of flaming
Missiles
 e - 6 curare-tipped darts
 f - 3 javelins
 h - a large rock (quivered)
 i - 97 stones
 r - a throwing net
 C - a boomerang
Armour
 a - a +0 robe (worn)
 z - a +0 cloak (worn)
Jewellery
 k - a ring of willpower (left hand)
Scrolls
 d - 3 scrolls of remove curse
 o - a scroll of amnesia {unknown}
 q - 2 scrolls of enchant armour {unknown}
 s - 2 scrolls of random uselessness {unknown}
 t - a scroll of magic mapping {unknown}
 v - a scroll of identify {unknown}
 y - a scroll of noise {unknown}
Potions
 b - 2 potions of heal wounds {unknown}
 g - a potion of cancellation {unknown}
 j - a potion of magic {unknown}
 l - a potion of invisibility {unknown}
 m - 2 potions of degeneration {unknown}
 p - a potion of curing {unknown}
 u - a potion of haste {unknown}
 w - a potion of mutation {unknown}
 x - a potion of might {unknown}
 A - 2 potions of attraction {unknown}


   Skills:
 * Level 4.3 Fighting
 + Level 3.2 Throwing
 - Level 2.0 Dodging
 + Level 3.1 Spellcasting
 + Level 3.6 Hexes


You had 8 spell levels left.
You knew the following spells:

 Your Spells              Type           Power        Failure   Level
a - Corona                Hex            14%          4%          1
b - Slow                  Hex            13%          7%          2

Your spell library contained the following spells:

 Spells                   Type           Power        Failure   Level
 Inner Flame              Hex/Fire       7%           28%         3
 Portal Projectile        Hex/Tloc       14%          28%         3
 Cause Fear               Hex            6%           41%         4
 Leda's Liquefaction      Hex/Erth       3%           67%         4


Dungeon Overview and Level Annotations

Branches:
Dungeon (4/15)
 Temple: D:4-7

Altars:

Annotations:
D:3 3 runed translucent doors, Robin; om's ghost, amateur MiBe


Innate Abilities, Weirdness & Mutations

You are too large for most types of armour.
You have tough skin. (AC +1)


Message History

Aim: a hobgoblin, wielding a +0 club (strong, 59% to hit)
You throw a large rock.
The large rock closely misses the hobgoblin.
The large rock hits the goblin!!
You kill the goblin!
You hear an angry hiss.
Robin roars a battlecry!
The hobgoblin goes into a battle-frenzy!
The hobgoblin closely misses you. The hobgoblin hits you!
* * * LOW HITPOINT WARNING * * *
A frilled lizard comes into view.
Robin hits you but does no damage. The hobgoblin hits you with a +0 club.
* * * LOW HITPOINT WARNING * * *
Throw: 2 large rocks
Press: ? - help, Q - select action, (/) - cycle Shift-Dir - straight line, f/p - hobgoblin
Aim: a hobgoblin, wielding a +0 club (strong, 59% to hit)
You throw a large rock. The large rock hits the hobgoblin!
You kill the hobgoblin!
The hobgoblin hits you.
You die...

. #.# #. #..
.#.###################.#
..... ..................
#...l #..........#.....
#...g##..# ###.#.....
#....g(#.# #.........
#....#(#.#####.#)#.....
...gg #@#.......#.#....#
##.g #g#..###### #.##.#
.g. .g#..## #†##.# gg
#######..#####.#....# g
...............#.####
########.#######.#
#...........####
#...............
#.......###.####


You could see Robin, 2 hobgoblins, a goblin (strong) and a frilled lizard.

Vanquished Creatures
  A sky beast (D:3)
  Jessica (D:2)
  5 adders
  2 worms (D:2)
  A dart slug (D:1)
  A leopard gecko (D:1)
  An orc (D:2)
  A ball python (D:2)
  4 giant cockroaches
  8 goblins
  8 hobgoblins
  5 kobolds
  A quokka (D:2)
  8 bats
  5 frilled lizards
  10 rats
62 creatures vanquished.

Notes
Turn   | Place    | Note
-------+----------+-------------------------------------------
     0 | D:1      | Craboon the Ogre Arcane Marksman began the quest for the
                  | Orb.
     0 | D:1      | Reached XP level 1. HP: 19/19 MP: 2/2
   462 | D:1      | Reached XP level 2. HP: 10/28 MP: 4/4
  1088 | D:1      | Reached skill level 2 in Fighting
  1370 | D:1      | Reached XP level 3. HP: 35/35 MP: 5/5
  2230 | D:2      | Reached XP level 4. HP: 44/44 MP: 7/7
  3046 | D:2      | Noticed Jessica
  3049 | D:2      | Killed Jessica
  3050 | D:2      | Reached skill level 3 in Fighting
  3101 | D:2      | Learned a level 2 spell: Slow
  3658 | D:2      | Reached XP level 5. HP: 46/53 MP: 6/8
  3781 | D:3      | Found a runed translucent gate.
  3782 | D:3      | Found a runed translucent gate.
  3782 | D:3      | Noticed om's ghost (amateur MiBe)
  3783 | D:3      | Found a runed translucent gate.
  3855 | D:3      | Noticed a sky beast
  3857 | D:3      | Killed a sky beast
  3858 | D:3      | Reached skill level 4 in Fighting
  4319 | D:3      | Reached XP level 6. HP: 40/62 MP: 10/10
  4595 | D:3      | Noticed Robin
  4614 | D:3      | HP: 2/63 [hobgoblin/+0 club (6)]
  4615 | D:3      | Slain by a hobgoblin

Illustrated notes

Levels and vault maps discovered:
D:1:      mushboom_english_gardens, layout_loops_cross, minmay_misc_feat_encased
D:2:      layout_basic, minmay_heptomino_l4, uniq_jessica
D:3:      layout_basic, gammafunk_ghost_split, uniq_robin
D:4:      cheibrodos_greedy_goblins, layout_loops_corners,
          minmay_temple_entry_enclosed_plants, serial_shops, shop

Skill      XL: |  1  2  3  4  5 |
---------------+----------------+-----
Dodging        | 2 |  2.0
Fighting       | 2 3 4 |  4.3
Hexes          | 3 |  3.6
Spellcasting   | 2 3 |  3.1
Throwing       | 3 |  3.2

Action                   |  1- 3 |  4- 6 || total
-------------------------+-------+-------++-------
Melee: Unarmed           |    38 |       ||    38
       Club              |    73 |   104 ||   177
Throw: Large rock        |    40 |    17 ||    57
       Throwing net      |     4 |     1 ||     5
       Dart              |     1 |     5 ||     6
       Stone             |       |    10 ||    10
       Javelin           |       |     4 ||     4
       Boomerang         |       |     4 ||     4
 Cast: Corona            |     1 |     9 ||    10
  Use: Scroll            |       |     1 ||     1
 Stab: Sleeping          |     1 |       ||     1
Armor: Robe              |   101 |    33 ||   134
Dodge: Dodged            |   173 |    70 ||   243
